 Dungeon Crawl Stone Soup version 0.28-a0-895-g6e5f11bd55 (webtiles) character file.

Game seed: 5860916968450683198

42 Anon1729 the Chiller (level 3, -1/24 HPs)
             Began as a Demonspawn Ice Elementalist on Nov 22, 2021.
             Succumbed to a gnoll's poison
             ... on level 2 of the Dungeon.
             The game lasted 00:01:18 (1257 turns).

Anon1729 the Chiller (Demonspawn Ice Elementalist)  Turns: 1257, Time: 00:01:18

Health: -1/24      AC:  3    Str:  8    XL:     3   Next: 33%
Magic:  2/6        EV: 12    Int: 17    God:
Gold:   34         SH:  0    Dex: 13    Spells: 5/6 levels left

rFire   . . .      SeeInvis .   (no weapon)
rCold   . . .      Faith    .   (no shield)
rNeg    . . .      Spirit   .   a - +0 robe
rPois   .          Reflect  .   (no helmet)
rElec   .          Harm     .   (no cloak)
rCorr   .          Rampage  .   (no gloves)
Will    .....                   (no boots)
Stlth   ++........              (no amulet)
HPRegen 0.08/turn               (no ring)
MPRegen 0.20/turn               (no ring)

@: lethally poisoned (-1 -> -11)
A: rugged brown scales 1, magic regeneration
a: no special abilities


You were on level 2 of the Dungeon.
You visited 1 branch of the dungeon, and saw 2 of its levels.

You collected 34 gold pieces.

Inventory:

Armour
 a - a +0 robe (worn)
Scrolls
 b - a scroll of identify {unknown}
 c - a scroll of enchant weapon {unknown}


   Skills:
 + Level 2.3 Dodging
 + Level 2.3 Stealth
 + Level 2.4 Spellcasting
 + Level 3.9 Ice Magic


You had 5 spell levels left.
You knew the following spells:

 Your Spells              Type           Power      Damage    Failure   Level
a - Freeze                Ice            60%        1d8       3%          1

Your spell library contained the following spells:

 Spells                   Type           Power      Damage    Failure   Level
 Frozen Ramparts          Ice            30%        1d5       11%         3
 Ozocubu's Armour         Ice            15%        N/A       11%         3
 Hailstorm                Conj/Ice       8%         3d4       63%         4


Dungeon Overview and Level Annotations

Branches:
Dungeon (2/15)

Altars:


Innate Abilities, Weirdness & Mutations

You are partially covered in rugged brown scales. (AC +1, +3% HP)
You regenerate magic rapidly.


Message History

A goblin is nearby!
A goblin is nearby!
Found 19 gold pieces.
A gnoll comes into view. It is wielding a +0 club.
The gnoll shouts!
You hear a shout!
The goblin hits you with a +0 club.
You freeze the goblin.
The goblin is severely wounded.
A gnoll comes into view. It is wielding a +1 spear of venom.
The goblin barely misses you.
You freeze the goblin.
You kill the goblin!
You freeze the gnoll.
The gnoll is moderately wounded.
The gnoll barely misses you.
You freeze the gnoll.
The gnoll is moderately wounded.
The gnoll hits you but does no damage.
You freeze the gnoll!
The gnoll is almost dead.
The gnoll hits you from afar with a +1 spear of venom.
You are poisoned.
The gnoll hits you with a +0 club.
A gnoll comes into view. It is wielding a +3 vorpal spear.
A gnoll comes into view. It is wielding a +0 club.
You freeze the gnoll.
You kill the gnoll!
The gnoll shouts! x2
You feel very sick.
The gnoll hits you from afar with a +1 spear of venom.
You are lethally poisoned!
* * * LOW HITPOINT WARNING * * *
You feel very sick.
You aren't carrying any potions.
* * * LOW HITPOINT WARNING * * *
You feel very sick.
You see here a scroll labelled APO HICARAOKH.
* * * LOW HITPOINT WARNING * * *
You feel very sick.
You die...

...g... .......
....... . #..)######
#.#........#######
#.#.........(.....
#.....gg?.........
###.................
............@######
.#..........#
#..........#
#.....####.#
#.....####.#
+.......##.#
#.....#.##.#
#####....#.#
#....#.#


You could see 2 gnolls.

Vanquished Creatures
  A gnoll (D:2)
  3 endoplasms
  2 giant cockroaches (D:1)
  2 goblins
  4 jackals (D:2)
  3 quokkas (D:1)
  5 ball pythons (D:1)
  2 bats
  3 frilled lizards (D:1)
  3 kobolds (D:1)
  2 rats
30 creatures vanquished.

Notes
Turn   | Place    | Note
-------+----------+-------------------------------------------
     0 | D:1      | Anon1729 the Demonspawn Ice Elementalist began the quest
                  | for the Orb.
     0 | D:1      | Reached XP level 1. HP: 13/13 MP: 3/3
   175 | D:1      | Gained mutation: You are partially covered in rugged brown
                  | scales. (AC +1, +3% HP) [demonic ancestry]
   175 | D:1      | Reached XP level 2. HP: 7/19 MP: 0/5
   801 | D:1      | Found a faded altar of an unknown god.
  1070 | D:2      | Gained mutation: You regenerate magic rapidly. [demonic
                  | ancestry]
  1070 | D:2      | Reached XP level 3. HP: 13/24 MP: 0/6
  1256 | D:2      | HP: 1/24 [poisoned by a gnoll]
  1257 | D:2      | Succumbed to a gnoll's poison

Illustrated notes

Levels and vault maps discovered:
D:1:      matt_arrival_refuge, layout_rooms,
          shapermc_ecumenical_altar_mp_ritualfount
D:2:      layout_basic, uniq_sigmund

Skill      XL: |  1 |
---------------+----+-----
Stealth        | 2 |  2.3
Dodging        | 2 |  2.3
Spellcasting   | |  2.4
Ice Magic      | |  3.9

Action                   || total
-------------------------++-------
Melee: Unarmed           ||    37
 Cast: Freeze            ||    42
Armor: Robe              ||    17
Dodge: Dodged            ||    50

Table legend: (Time is in decaauts)
 A = Elapsed time spent in this place.
 B = Non-inter-level travel time spent in this place.
 C = Inter-level travel time spent in this place.
 D = Time resting spent in this place.
 E = Time spent auto-exploring this place.
 F = Levels seen in this place.
 G = Mean time per level.
                   A        B        C        D        E       F      G
               +--------+--------+--------+--------+--------+-----+--------+
         Total |   1256 |   1235 |     21 |    106 |    948 |   2 |  628.0 |
       Dungeon |   1256 |   1235 |     21 |    106 |    948 |   2 |  628.0 |
               +--------+--------+--------+--------+--------+-----+--------+

Top non-repeatable levels by time:
     D:1: 919 daAuts
     D:2: 337 daAuts
